Harfangs vs Rafales

Created - January 4, 2020 at 19:07

Goals
1 2 3 T
Harfangs 0 3 1 4
Rafales 0 1 1 2
Shots
1 2 3 T
Harfangs 6 17 10 33
Rafales 22 6 14 42

1st period

No Goal

Penalties :
Reid McNeill (BEA) for Roughing (Minor) at 0:39, Tyler Brenner (BEA) for High sticking (Minor) at 17:51

2nd period

1. Harfangs , Brandon McMillan 13 (Tyler Brenner 11, Brenden Kichton 4) at 5:11
2. Harfangs , Michael Bournival 18 (Ryan Hartman 12, Jake Dotchin 12) at 5:25
3. Harfangs , Ryan Hartman 3 (Michael Bournival 25, Calle Jarnkrok 31) at 12:07
4. Rafales , Andrew Shaw 17 (Kevin Veilleux 8) at 19:47

Penalties :
Brenden Kichton (BEA) for Tripping (Minor) at 12:44

3rd period

5. Rafales , Jayson Megna 3 (Tim Crowder 7, Julian Melchiori 13) at 5:30
6. Harfangs , Ryan Hartman 4 (Michael Bournival 26, Calle Jarnkrok 32) at 11:35

Penalties :
Calle Jarnkrok (BEA) for Tripping (Minor) at 7:57

Goalie Stats

Anton Forsberg (BEA), 40 saves from 42 shots - (0.952), W, 11-8-2, 60:00 minutes
Jake Allen (Stf), 29 saves from 33 shots - (0.879), L, 11-5-1, 60:00 minutes

Players Stats for Harfangs

Player Name              G  A  P  +/- PIM S  H  SB GA TA FO     MP     PP MP  PK MP  
------------------------------------------------------------------------------------
Anthony Angello          0  0  0   0  0   0  0  0  0  0  0/0     0:00   0:00   0:00 
Brandon McMillan         1  0  1   0  0   1  2  2  3  0  0/1    16:16   0:00   1:50 
Brendan Leipsic          0  0  0   0  0   0  0  0  0  0  0/0     0:55   0:00   0:42 
Brenden Kichton          0  1  1   0  2   1  2  1  0  0  0/0    18:04   0:00   2:55 
Calle Jarnkrok           0  2  2   3  2   3  1  0  1  0  15/30  22:21   0:00   2:55 
Cristoval Nieves         0  0  0  -1  0   3  1  0  0  0  1/3     8:49   0:00   1:25 
Devon Teows              0  0  0   0  0   0  0  1  0  0  0/0    16:53   0:00   1:41 
Dylan Olsen              0  0  0   0  0   0  0  0  0  0  0/0     0:35   0:00   0:30 
Erik Nystrom             0  0  0   0  0   1  0  0  0  0  1/1    10:34   0:00   0:00 
Jake Dotchin             0  1  1   2  0   2  1  0  0  2  0/0    25:57   0:00   4:14 
JC Lipon                 0  0  0  -1  0   0  1  0  0  0  0/0     7:24   0:00   0:00 
Justin Kirkland          0  0  0   0  0   0  0  0  0  0  0/0     0:00   0:00   0:00 
Laurent Dauphin          0  0  0   0  0   0  0  0  0  0  0/0     2:10   0:00   1:48 
Lucas Wallmarkk          0  0  0   0  0   0  0  0  0  0  0/0     0:13   0:00   0:00 
Mark Alt                 0  0  0   0  0   2  1  3  0  0  0/0    18:27   0:00   3:23 
Michael Bournival        1  2  3   3  0   3  0  0  2  2  2/5    23:20   0:00   3:53 
Morgan Klimchuk          0  0  0  -1  0   0  0  0  0  0  0/0     9:24   0:00   2:00 
Nick Shore               0  0  0   0  0   2  0  1  0  0  2/3    10:34   0:00   0:00 
Nick Sorensen            0  0  0   0  0   0  1  0  0  0  0/0    10:34   0:00   0:00 
Reid McNeill             0  0  0   2  2   6  0  1  1  2  0/0    24:56   0:00   3:09 
Rinat Valiev             0  0  0   0  0   2  1  0  1  1  0/0    15:12   0:00   0:00 
Ryan Hartman             2  1  3   3  0   3  1  0  0  1  0/0    19:09   0:00   0:00 
Sven Andrighetto         0  0  0   0  0   1  3  0  0  0  0/0    14:26   0:00   0:00 
Tyler Brenner            0  1  1   0  2   3  1  0  1  0  6/14   15:47   0:00   1:19 

Players Stats for Rafales

Player Name              G  A  P  +/- PIM S  H  SB GA TA FO     MP     PP MP  PK MP  
------------------------------------------------------------------------------------
Akim Aliu                0  0  0   0  0   0  0  0  0  0  1/1     0:47   0:19   0:00 
Andrew Shaw              1  0  1  -3  0   4  3  0  3  0  1/3    21:35   4:17   0:00 
Ben Johnson              0  0  0   0  0   0  0  0  0  0  0/0     0:00   0:00   0:00 
Ben Sexton               0  0  0   0  0   0  0  0  0  0  0/0     0:00   0:00   0:00 
Ben Thomson              0  0  0   0  0   2  2  0  0  0  0/1     8:25   0:00   0:00 
Brad Ross                0  0  0   0  0   0  0  0  0  0  0/0     0:12   0:00   0:00 
Brian Ferlin             0  0  0   0  0   5  1  1  1  2  0/1    16:31   3:39   0:00 
Bruno Gervais            0  0  0   1  0   1  1  2  1  1  0/0    26:20   3:46   0:00 
Carl Klingberg           0  0  0  -3  0   10 5  0  0  1  1/1    21:10   3:58   0:00 
Cedric Paquette          0  0  0   0  0   0  1  0  0  0  10/14  16:27   3:39   0:00 
Chris Terry              0  0  0   0  0   2  3  0  0  0  1/1    16:31   3:39   0:00 
Connor Murphy            0  0  0   1  0   2  1  0  0  2  0/0    24:49   4:10   0:00 
David Broll              0  0  0   0  0   0  0  0  0  0  0/0     0:00   0:00   0:00 
Dylan McIlrath           0  0  0  -1  0   0  4  2  1  0  0/0    17:54   0:00   0:00 
James Marcou             0  0  0   0  0   1  1  0  0  0  0/0     8:25   0:00   0:00 
Jayson Megna             1  0  1   1  0   4  2  1  0  0  4/8    13:14   0:00   0:00 
Joey Laleggia            0  0  0  -1  0   3  2  1  0  0  0/0    20:21   3:46   0:00 
Julian Melchiori         0  1  1  -2  0   2  3  0  2  1  0/0    19:09   4:10   0:00 
Kevin Veilleux           0  1  1  -3  0   1  4  1  0  0  11/25  21:17   4:05   0:00 
Maksim Mayorov           0  0  0   1  0   3  0  0  0  0  0/0    13:14   0:00   0:00 
Nathan Davis             0  0  0   0  0   0  0  0  0  0  0/0     0:00   0:00   0:00 
Ryan Bourque             0  0  0   0  0   1  1  1  0  1  1/2     8:25   0:00   0:00 
Slater Koekkoek          0  0  0  -2  0   1  0  0  0  1  0/0    11:27   0:00   0:00 
Tim Crowder              0  1  1   1  0   0  5  1  0  0  0/0    13:14   0:00   0:00 
Tyrell Goulbourne        0  0  0   0  0   0  0  0  0  0  0/0     0:33   0:12   0:00 

3 Stars

1 - Ryan Hartman (BEA)
2 - Michael Bournival (BEA)
3 - Anton Forsberg (BEA)

Power Play

Harfangs - 0 on 0 Attempt(s) - 0.00%
Rafales - 0 on 4 Attempt(s) - 0.00%

Penalty Kill

Harfangs - 4 on 4 Attempt(s) - 100.00% - Score 0 goal in Penalty Kill
Rafales - 0 on 0 Attempt(s) - 0.00% - Score 0 goal in Penalty Kill

Team Stat

Harfangs - Hits : 16 - Faceoff Wins : 27 - Blocked Shots : 9 - Penalty Minutes : 8
Rafales - Hits : 39 - Faceoff Wins : 30 - Blocked Shots : 10 - Penalty Minutes : 0

Official

Referees : Unknown
Linesman : Unknown

Game Notes

14:25 of 3rd period - Rafales goal is going for a video replay. After video review, No Goal. The net was displaced accidentally.

Finance

Level 1 -- Attendance: 1421 (71.05%) -- Ticket Income $56,840
Level 2 -- Attendance: 755 (75.50%) -- Ticket Income $15,100
Total Attendance: 2176 (72.53%)
Total Ticket Income: $71,940
Other Income: $3,597
Total Income: $75,537

Harfangs

5 vs 5 Forward 
   Center                   Left Wing                Right Wing               Time % Phy DF OF 
 1 Calle Jarnkrok           Michael Bournival        Ryan Hartman             40     1   2  2  
 2 Tyler Brenner            Brandon McMillan         Sven Andrighetto         30     1   2  2  
 3 Nick Shore               Erik Nystrom             Nick Sorensen            20     1   2  2  
 4 Cristoval Nieves         Morgan Klimchuk          JC Lipon                 10     1   2  2  

5 vs 5 Defense 
   Defense                  Defense                                           Time % Phy DF OF 
 1 Reid McNeill             Jake Dotchin                                      40     1   2  2  
 2 Mark Alt                 Brenden Kichton                                   30     1   2  2  
 3 Rinat Valiev             Devon Teows                                       20     1   2  2  
 4 Reid McNeill             Jake Dotchin                                      10     1   2  2  

PowerPlay Forward 
   Center                   Left Wing                Right Wing               Time % Phy DF OF 
 1 Calle Jarnkrok           Michael Bournival        Ryan Hartman             60     1   2  2  
 2 Tyler Brenner            Brandon McMillan         Sven Andrighetto         40     1   2  2  

PowerPlay Defense
   Defense                  Defense                                           Time % Phy DF OF 
 1 Reid McNeill             Jake Dotchin                                      60     1   2  2  
 2 Mark Alt                 Brenden Kichton                                   40     1   2  2  

Penalty Kill 4 Players Forward 
   Center                   Wing                     Time % Phy DF OF 
 1 Michael Bournival        Calle Jarnkrok           60     1   2  2  
 2 Tyler Brenner            Brandon McMillan         40     1   2  2  

Penalty Kill 4 Players Defense
   Defense                  Defense                  Time % Phy DF OF 
 1 Reid McNeill             Jake Dotchin             60     1   2  2  
 2 Mark Alt                 Brenden Kichton          40     1   2  2  

Penalty Kill - 3 Players Forward 
   Forward                                           Time % Phy DF OF 
 1 Michael Bournival                                 60     1   2  2  
 2 Calle Jarnkrok                                    40     1   2  2  

Penalty Kill - 3 Players Defense
   Defense                  Defense                  Time % Phy DF OF 
 1 Reid McNeill             Jake Dotchin             60     1   2  2  
 2 Mark Alt                 Brenden Kichton          40     1   2  2  

4 vs 4 Forward 
   Center                   Wing                     Time % Phy DF OF 
 1 Michael Bournival        Calle Jarnkrok           60     1   2  2  
 2 Tyler Brenner            Brandon McMillan         40     1   2  2  

4 vs 4 Defense
   Defense                  Defense                  Time % Phy DF OF 
 1 Reid McNeill             Jake Dotchin             60     1   2  2  
 2 Mark Alt                 Brenden Kichton          40     1   2  2  

Last Minutes Offensive
   Center                   Left Wing                Right Wing               Defense                  Defense                  
   Calle Jarnkrok           Michael Bournival        Ryan Hartman             Reid McNeill             Jake Dotchin             

Last Minutes Defensive
   Center                   Left Wing                Right Wing               Defense                  Defense                  
   Calle Jarnkrok           Michael Bournival        Ryan Hartman             Reid McNeill             Jake Dotchin             

Goaltenders
Starting : Anton Forsberg           
Backup : Ilya Sorokin             

Extra Forwards
Normal : Brendan Leipsic, Lucas Wallmarkk, Laurent Dauphin - PP : Brendan Leipsic, Lucas Wallmarkk - PK : Laurent Dauphin
Extra Defensemen
Normal : Rinat Valiev, Devon Teows, Mark Alt - PP : Rinat Valiev - PK : Devon Teows, Mark Alt
Penalty Shots
Michael Bournival, Calle Jarnkrok, Tyler Brenner, Brandon McMillan, Ryan Hartman

Scratches
Tyler Randell (Bruised Left Leg Injury), Blake Heinrich (Left Eye Injury), Victor Bartley (Right Leg Injury), Jason Kasdorf (Healthy), Mark Visentin (Healthy)
Scott Wedgewood (Healthy), Zachary Fucale (Healthy)

Rafales

5 vs 5 Forward 
   Center                   Left Wing                Right Wing               Time % Phy DF OF 
 1 Kevin Veilleux           Carl Klingberg           Andrew Shaw              40     1   2  2  
 2 Cedric Paquette          Chris Terry              Brian Ferlin             30     1   2  2  
 3 Jayson Megna             Maksim Mayorov           Tim Crowder              20     1   2  2  
 4 Ryan Bourque             Ben Thomson              James Marcou             10     1   2  2  

5 vs 5 Defense 
   Defense                  Defense                                           Time % Phy DF OF 
 1 Connor Murphy            Bruno Gervais                                     40     1   2  2  
 2 Dylan McIlrath           Joey Laleggia                                     30     1   2  2  
 3 Julian Melchiori         Slater Koekkoek                                   20     1   2  2  
 4 Julian Melchiori         Dylan McIlrath                                    10     1   2  2  

PowerPlay Forward 
   Center                   Left Wing                Right Wing               Time % Phy DF OF 
 1 Kevin Veilleux           Carl Klingberg           Andrew Shaw              60     1   2  2  
 2 Cedric Paquette          Chris Terry              Brian Ferlin             40     1   2  2  

PowerPlay Defense
   Defense                  Defense                                           Time % Phy DF OF 
 1 Connor Murphy            Julian Melchiori                                  60     1   2  2  
 2 Bruno Gervais            Joey Laleggia                                     40     1   2  2  

Penalty Kill 4 Players Forward 
   Center                   Wing                     Time % Phy DF OF 
 1 Carl Klingberg           Andrew Shaw              60     1   2  2  
 2 Brian Ferlin             Tim Crowder              40     1   2  2  

Penalty Kill 4 Players Defense
   Defense                  Defense                  Time % Phy DF OF 
 1 Connor Murphy            Julian Melchiori         60     1   2  2  
 2 Dylan McIlrath           Joey Laleggia            40     1   2  2  

Penalty Kill - 3 Players Forward 
   Forward                                           Time % Phy DF OF 
 1 Carl Klingberg                                    60     1   2  2  
 2 Andrew Shaw                                       40     1   2  2  

Penalty Kill - 3 Players Defense
   Defense                  Defense                  Time % Phy DF OF 
 1 Connor Murphy            Julian Melchiori         60     1   2  2  
 2 Dylan McIlrath           Joey Laleggia            40     1   2  2  

4 vs 4 Forward 
   Center                   Wing                     Time % Phy DF OF 
 1 Carl Klingberg           Andrew Shaw              60     1   2  2  
 2 Brian Ferlin             Tim Crowder              40     1   2  2  

4 vs 4 Defense
   Defense                  Defense                  Time % Phy DF OF 
 1 Connor Murphy            Julian Melchiori         60     1   2  2  
 2 Dylan McIlrath           Joey Laleggia            40     1   2  2  

Last Minutes Offensive
   Center                   Left Wing                Right Wing               Defense                  Defense                  
   Kevin Veilleux           Carl Klingberg           Andrew Shaw              Connor Murphy            Julian Melchiori         

Last Minutes Defensive
   Center                   Left Wing                Right Wing               Defense                  Defense                  
   Kevin Veilleux           Carl Klingberg           Andrew Shaw              Connor Murphy            Julian Melchiori         

Goaltenders
Starting : Jake Allen               
Backup : Leland Irving            

Extra Forwards
Normal : Akim Aliu, Tyrell Goulbourne, Brad Ross - PP : Akim Aliu, Tyrell Goulbourne - PK : Brad Ross
Extra Defensemen
Normal : Bruno Gervais, Joey Laleggia, Connor Murphy - PP : Bruno Gervais - PK : Joey Laleggia, Connor Murphy
Penalty Shots
Carl Klingberg, Andrew Shaw, Brian Ferlin, Tim Crowder, Kevin Veilleux

Scratches
Chris Driedger (Healthy), Sean Maguire (Healthy)

% Time on Ice - Harfangs

Lines # - Real PCT - Wanted PCT - Time Play
Normal Forward
1 - 38% - 40% - 19:40
2 - 28% - 30% - 14:26
3 - 20% - 20% - 10:34
4 - 14% - 10% - 7:24
Normal Defense
1 - 38% - 40% - 19:59
2 - 29% - 30% - 15:04
3 - 29% - 20% - 15:12
4 - 3% - 10% - 1:49
PP Forward
1 - 0% - 60%
2 - 0% - 40%
PP Defense
1 - 0% - 60%
2 - 0% - 40%
PK Forward
1 - 77% - 60% - 6:06
2 - 23% - 40% - 1:50
PK Defense
1 - 57% - 60% - 4:33
2 - 43% - 40% - 3:23
PK3 Forward
1 - 0% - 60%
2 - 0% - 40%
PK3 Defense
1 - 0% - 60%
2 - 0% - 40%
44 Forward
1 - 0% - 60%
2 - 0% - 40%
44 Defense
1 - 0% - 60%
2 - 0% - 40%
Last Minute Offensive  - 0:00
Last Minute Defensive  - 0:00
Total
Forward - 60:00
Defense - 60:00

% Time on Ice - Rafales

Lines # - Real PCT - Wanted PCT - Time Play
Normal Forward
1 - 33% - 40% - 17:18
2 - 25% - 30% - 13:07
3 - 25% - 20% - 13:14
4 - 16% - 10% - 8:25
Normal Defense
1 - 40% - 40% - 20:37
2 - 32% - 30% - 16:35
3 - 22% - 20% - 11:27
4 - 7% - 10% - 3:25
PP Forward
1 - 54% - 60% - 4:17
2 - 46% - 40% - 3:39
PP Defense
1 - 53% - 60% - 4:10
2 - 47% - 40% - 3:46
PK Forward
1 - 0% - 60%
2 - 0% - 40%
PK Defense
1 - 0% - 60%
2 - 0% - 40%
PK3 Forward
1 - 0% - 60%
2 - 0% - 40%
PK3 Defense
1 - 0% - 60%
2 - 0% - 40%
44 Forward
1 - 0% - 60%
2 - 0% - 40%
44 Defense
1 - 0% - 60%
2 - 0% - 40%
Last Minute Offensive  - 0:00
Last Minute Defensive  - 0:00
Total
Forward - 60:00
Defense - 60:00

Play-by-Play

1st period


0:01 of 1st period - Andrew Shaw wins face-off versus Calle Jarnkrok in neutral zone.
0:23 of 1st period - Icing by Michael Bournival.
0:24 of 1st period - Cedric Paquette wins face-off versus Calle Jarnkrok in Harfangs zone.
0:37 of 1st period - Snap shot by Maksim Mayorov.
0:37 of 1st period - Shot Misses the Net.
0:39 of 1st period - Minor Penalty to Reid McNeill for Roughing.
0:40 of 1st period - Michael Bournival wins face-off versus Kevin Veilleux in Harfangs zone.
0:40 of 1st period - Michael Bournival is hit by Carl Klingberg.
2:39 of 1st period - Penalty to Reid McNeill is over, Reid McNeill is back on ice.
2:54 of 1st period - Nick Shore is hit by Jayson Megna and loses puck.
3:29 of 1st period - Bruno Gervais is hit by Sven Andrighetto and loses puck.
3:41 of 1st period - Slapshot by Ben Thomson.
3:41 of 1st period - Stopped by Anton Forsberg with a rebound.
3:43 of 1st period - Slapshot by Joey Laleggia.
3:43 of 1st period - Shot Misses the Net.
3:45 of 1st period - Slapshot by Ryan Bourque.
3:45 of 1st period - Shot Blocked by Mark Alt.
3:47 of 1st period - Slapshot by Joey Laleggia.
3:47 of 1st period - Stopped by Anton Forsberg with a rebound.
3:49 of 1st period - Slapshot by Joey Laleggia.
3:49 of 1st period - Shot Blocked by Brenden Kichton.
3:51 of 1st period - Slapshot by Joey Laleggia.
3:51 of 1st period - Shot Blocked by Mark Alt.
3:53 of 1st period - Slapshot by Joey Laleggia.
3:53 of 1st period - Stopped by Anton Forsberg without a rebound.
3:54 of 1st period - Kevin Veilleux wins face-off versus Tyler Brenner in Harfangs zone.
3:55 of 1st period - Snap shot by Andrew Shaw.
3:55 of 1st period - Stopped by Anton Forsberg with a rebound.
3:57 of 1st period - Snap shot by Carl Klingberg.
3:57 of 1st period - Shot Blocked by Devon Teows.
4:03 of 1st period - Slapshot by Carl Klingberg.
4:03 of 1st period - Stopped by Anton Forsberg without a rebound.
4:04 of 1st period - Tyler Brenner wins face-off versus Kevin Veilleux in Harfangs zone.
4:21 of 1st period - Snap shot by Andrew Shaw.
4:21 of 1st period - Stopped by Anton Forsberg without a rebound.
4:22 of 1st period - Cedric Paquette wins face-off versus Calle Jarnkrok in Harfangs zone.
4:23 of 1st period - Wrist shot by Brian Ferlin.
4:23 of 1st period - Shot Misses the Net.
4:29 of 1st period - Snap shot by Michael Bournival.
4:29 of 1st period - Shot Misses the Net.
4:31 of 1st period - Snap shot by Calle Jarnkrok.
4:31 of 1st period - Shot Misses the Net.
4:33 of 1st period - Slapshot by Mark Alt.
4:33 of 1st period - Stopped by Jake Allen with a rebound.
4:35 of 1st period - Snap shot by Ryan Hartman.
4:35 of 1st period - Stopped by Jake Allen without a rebound.
4:36 of 1st period - Carl Klingberg wins face-off versus Tyler Brenner in Rafales zone.
4:51 of 1st period - Snap shot by Andrew Shaw.
4:51 of 1st period - Stopped by Anton Forsberg without a rebound.
4:52 of 1st period - Calle Jarnkrok wins face-off versus Brian Ferlin in Harfangs zone.
5:23 of 1st period - Snap shot by Tyler Brenner.
5:23 of 1st period - Stopped by Jake Allen with a rebound.
5:41 of 1st period - Snap shot by Maksim Mayorov.
5:41 of 1st period - Stopped by Anton Forsberg without a rebound.
5:42 of 1st period - Jayson Megna wins face-off versus Nick Shore in Harfangs zone.
5:57 of 1st period - Wrist shot by Tim Crowder.
5:57 of 1st period - Shot Misses the Net.
7:13 of 1st period - JC Lipon is hit by Jayson Megna.
7:51 of 1st period - Tyler Brenner is hit by Carl Klingberg.
7:59 of 1st period - Snap shot by Tyler Brenner.
7:59 of 1st period - Shot Blocked by Kevin Veilleux.
8:23 of 1st period - Jake Dotchin is hit by Ben Thomson and loses puck.
8:38 of 1st period - Cedric Paquette is hit by Ryan Hartman and loses puck.
8:51 of 1st period - Tyler Brenner is hit by Tim Crowder and loses puck.
8:58 of 1st period - Wrist shot by Maksim Mayorov.
8:58 of 1st period - Stopped by Anton Forsberg with a rebound.
9:14 of 1st period - Wrist shot by Andrew Shaw.
9:14 of 1st period - Shot Misses the Net.
9:18 of 1st period - Wrist shot by Kevin Veilleux.
9:18 of 1st period - Stopped by Anton Forsberg with a rebound.
9:20 of 1st period - Slapshot by Connor Murphy.
9:20 of 1st period - Shot Blocked by Mark Alt.
9:22 of 1st period - Slapshot by Connor Murphy.
9:22 of 1st period - Deflect By Carl Klingberg.
9:22 of 1st period - Stopped by Anton Forsberg with a rebound.
10:00 of 1st period - Snap shot by Nick Shore.
10:00 of 1st period - Shot Misses the Net.
10:11 of 1st period - Icing by Ryan Bourque.
10:12 of 1st period - Tyler Brenner wins face-off versus Ben Thomson in Rafales zone.
10:25 of 1st period - Snap shot by Michael Bournival.
10:25 of 1st period - Shot Blocked by Bruno Gervais.
10:41 of 1st period - Snap shot by Carl Klingberg.
10:41 of 1st period - Stopped by Anton Forsberg without a rebound.
10:42 of 1st period - Calle Jarnkrok wins face-off versus Kevin Veilleux in Harfangs zone.
10:42 of 1st period - Calle Jarnkrok is hit by Julian Melchiori.
10:56 of 1st period - Slapshot by Andrew Shaw.
10:56 of 1st period - Shot Blocked by Reid McNeill.
10:58 of 1st period - Wrist shot by Carl Klingberg.
10:58 of 1st period - Stopped by Anton Forsberg with a rebound.
11:53 of 1st period - Wrist shot by Carl Klingberg.
11:53 of 1st period - Stopped by Anton Forsberg with a rebound.
12:30 of 1st period - Wrist shot by Carl Klingberg.
12:30 of 1st period - Stopped by Anton Forsberg without a rebound.
12:31 of 1st period - Tyler Brenner wins face-off versus Cedric Paquette in Harfangs zone.
12:40 of 1st period - Bruno Gervais is hit by Sven Andrighetto and loses puck.
12:57 of 1st period - Erik Nystrom is hit by Tim Crowder and loses puck.
13:27 of 1st period - Devon Teows is hit by Bruno Gervais and loses puck.
13:48 of 1st period - Tim Crowder is hit by Tyler Brenner and loses puck.
14:20 of 1st period - Wrist shot by Brian Ferlin.
14:20 of 1st period - Stopped by Anton Forsberg without a rebound.
14:21 of 1st period - Cedric Paquette wins face-off versus Tyler Brenner in Harfangs zone.
14:22 of 1st period - Snap shot by Brian Ferlin.
14:22 of 1st period - Stopped by Anton Forsberg with a rebound.
14:24 of 1st period - Snap shot by Chris Terry.
14:24 of 1st period - Stopped by Anton Forsberg with a rebound.
14:26 of 1st period - Wrist shot by Julian Melchiori.
14:26 of 1st period - Shot Misses the Net.
14:28 of 1st period - Snap shot by Brian Ferlin.
14:28 of 1st period - Stopped by Anton Forsberg without a rebound.
14:29 of 1st period - Tyler Brenner wins face-off versus Cedric Paquette in Harfangs zone.
14:42 of 1st period - Snap shot by Chris Terry.
14:42 of 1st period - Stopped by Anton Forsberg with a rebound.
15:22 of 1st period - Slapshot by Chris Terry.
15:22 of 1st period - Shot Hit the Post.
15:24 of 1st period - Snap shot by Chris Terry.
15:24 of 1st period - Shot Misses the Net.
15:26 of 1st period - Snap shot by Chris Terry.
15:26 of 1st period - Shot Blocked by Brandon McMillan.
15:28 of 1st period - Snap shot by Julian Melchiori.
15:28 of 1st period - Stopped by Anton Forsberg with a rebound.
15:30 of 1st period - Slapshot by Slater Koekkoek.
15:30 of 1st period - Stopped by Anton Forsberg without a rebound.
15:31 of 1st period - Calle Jarnkrok wins face-off versus Kevin Veilleux in Harfangs zone.
15:31 of 1st period - Calle Jarnkrok is hit by Dylan McIlrath.
16:11 of 1st period - Snap shot by Erik Nystrom.
16:11 of 1st period - Stopped by Jake Allen with a rebound.
16:21 of 1st period - Mark Alt is hit by James Marcou.
16:57 of 1st period - Snap shot by Calle Jarnkrok.
16:57 of 1st period - Stopped by Jake Allen without a rebound.
16:58 of 1st period - Nick Shore wins face-off versus Jayson Megna in Rafales zone.
17:07 of 1st period - Snap shot by Nick Shore.
17:07 of 1st period - Shot Misses the Net.
17:09 of 1st period - Slapshot by Reid McNeill.
17:09 of 1st period - Deflect By Connor Murphy.
17:09 of 1st period - Stopped by Jake Allen without a rebound.
17:10 of 1st period - Michael Bournival wins face-off versus Andrew Shaw in Rafales zone.
17:35 of 1st period - Brandon McMillan is hit by Cedric Paquette.
17:51 of 1st period - Minor Penalty to Tyler Brenner for High sticking.
17:52 of 1st period - Kevin Veilleux wins face-off versus Michael Bournival in Harfangs zone.
18:17 of 1st period - Mark Alt is hit by Chris Terry and loses puck.
19:40 of 1st period - Kevin Veilleux is hit by Brenden Kichton and loses puck.
19:51 of 1st period - Penalty to Tyler Brenner is over, Tyler Brenner is back on ice.
Goals for this period are 0 for Harfangs vs 0 for Rafales.
Shots for this period are 6 for Harfangs vs 22 for Rafales.

2nd period


0:01 of 2nd period - Calle Jarnkrok wins face-off versus Andrew Shaw in neutral zone.
1:26 of 2nd period - Calle Jarnkrok is hit by Chris Terry and loses puck.
1:35 of 2nd period - Snap shot by Brian Ferlin.
1:35 of 2nd period - Stopped by Anton Forsberg with a rebound.
1:37 of 2nd period - Wrist shot by Brian Ferlin.
1:37 of 2nd period - Shot Misses the Net.
1:53 of 2nd period - Backhand shot by Tyler Brenner.
1:53 of 2nd period - Shot Blocked by Ryan Bourque.
1:55 of 2nd period - Backhand shot by Rinat Valiev.
1:55 of 2nd period - Stopped by Jake Allen with a rebound.
1:57 of 2nd period - Slapshot by Rinat Valiev.
1:57 of 2nd period - Shot Misses the Net.
1:59 of 2nd period - Wrist shot by Tyler Brenner.
1:59 of 2nd period - Shot Misses the Net.
2:01 of 2nd period - Slapshot by Sven Andrighetto.
2:01 of 2nd period - Shot Misses the Net.
2:17 of 2nd period - Slapshot by Nick Shore.
2:17 of 2nd period - Stopped by Jake Allen with a rebound.
3:58 of 2nd period - Slapshot by Connor Murphy.
3:58 of 2nd period - Deflect By Rinat Valiev.
3:58 of 2nd period - Stopped by Anton Forsberg with a rebound.
4:28 of 2nd period - Tim Crowder is hit by Jake Dotchin and loses puck.
4:35 of 2nd period - Jake Dotchin is hit by Tim Crowder and loses puck.
4:48 of 2nd period - Mark Alt is hit by Dylan McIlrath and loses puck.
5:11 of 2nd period - Snap shot by Brandon McMillan.
5:11 of 2nd period - Goal by Brandon McMillan - Harfangs : 1 - Rafales : 0.
5:12 of 2nd period - Kevin Veilleux wins face-off versus Calle Jarnkrok in neutral zone.
5:19 of 2nd period - Slapshot by Jake Dotchin.
5:19 of 2nd period - Stopped by Jake Allen with a rebound.
5:25 of 2nd period - Snap shot by Michael Bournival.
5:25 of 2nd period - Goal by Michael Bournival - Harfangs : 2 - Rafales : 0.
5:26 of 2nd period - Calle Jarnkrok wins face-off versus Kevin Veilleux in neutral zone.
6:37 of 2nd period - Cristoval Nieves is hit by Julian Melchiori.
7:39 of 2nd period - Off-side.
7:40 of 2nd period - Tyler Brenner wins face-off versus Jayson Megna in neutral zone.
7:47 of 2nd period - Wrist shot by Brandon McMillan.
7:47 of 2nd period - Shot Misses the Net.
7:49 of 2nd period - Slapshot by Reid McNeill.
7:49 of 2nd period - Stopped by Jake Allen with a rebound.
7:51 of 2nd period - Snap shot by Reid McNeill.
7:51 of 2nd period - Shot Blocked by Jayson Megna.
7:53 of 2nd period - Slapshot by Brandon McMillan.
7:53 of 2nd period - Deflect By Sven Andrighetto.
7:53 of 2nd period - Stopped by Jake Allen with a rebound.
8:19 of 2nd period - Jake Dotchin is hit by Kevin Veilleux and loses puck.
8:40 of 2nd period - Snap shot by Morgan Klimchuk.
8:40 of 2nd period - Shot Blocked by Joey Laleggia.
8:42 of 2nd period - Wrist shot by Brenden Kichton.
8:42 of 2nd period - Shot Blocked by Dylan McIlrath.
9:32 of 2nd period - Nick Sorensen is hit by Ben Thomson and loses puck.
10:45 of 2nd period - Slapshot by Reid McNeill.
10:45 of 2nd period - Stopped by Jake Allen without a rebound.
10:46 of 2nd period - Jayson Megna wins face-off versus Calle Jarnkrok in Rafales zone.
11:32 of 2nd period - Off-side.
11:33 of 2nd period - Nick Shore wins face-off versus Ryan Bourque in neutral zone.
11:58 of 2nd period - Andrew Shaw is hit by Calle Jarnkrok and loses puck.
12:03 of 2nd period - Snap shot by Michael Bournival.
12:03 of 2nd period - Stopped by Jake Allen with a rebound.
12:05 of 2nd period - Snap shot by Ryan Hartman.
12:05 of 2nd period - Shot Misses the Net.
12:07 of 2nd period - Snap shot by Ryan Hartman.
12:07 of 2nd period - Goal by Ryan Hartman - Harfangs : 3 - Rafales : 0.
12:08 of 2nd period - Calle Jarnkrok wins face-off versus Kevin Veilleux in neutral zone.
12:08 of 2nd period - Michael Bournival is hit by Andrew Shaw and loses puck.
12:15 of 2nd period - Wrist shot by Andrew Shaw.
12:15 of 2nd period - Shot Misses the Net.
12:33 of 2nd period - Michael Bournival is hit by Tim Crowder.
12:44 of 2nd period - Minor Penalty to Brenden Kichton for Tripping.
12:45 of 2nd period - Calle Jarnkrok wins face-off versus Kevin Veilleux in Harfangs zone.
13:19 of 2nd period - Wrist shot by Tyler Brenner.
13:19 of 2nd period - Stopped by Jake Allen with a rebound.
13:33 of 2nd period - Mark Alt is hit by Kevin Veilleux and loses puck.
13:48 of 2nd period - Morgan Klimchuk is hit by Joey Laleggia and loses puck.
14:44 of 2nd period - Penalty to Brenden Kichton is over, Brenden Kichton is back on ice.
14:58 of 2nd period - Mark Alt is hit by Dylan McIlrath and loses puck.
15:09 of 2nd period - Julian Melchiori is hit by Mark Alt and loses puck.
15:16 of 2nd period - Mark Alt is hit by Ryan Bourque.
15:32 of 2nd period - Slapshot by Morgan Klimchuk.
15:32 of 2nd period - Shot Blocked by Bruno Gervais.
15:34 of 2nd period - Slapshot by Reid McNeill.
15:34 of 2nd period - Stopped by Jake Allen with a rebound.
15:36 of 2nd period - Slapshot by Devon Teows.
15:36 of 2nd period - Shot Misses the Net.
15:53 of 2nd period - Dylan McIlrath is hit by Nick Sorensen and loses puck.
16:00 of 2nd period - Snap shot by Julian Melchiori.
16:00 of 2nd period - Shot Misses the Net.
16:02 of 2nd period - Snap shot by Maksim Mayorov.
16:02 of 2nd period - Shot Blocked by Brandon McMillan.
16:04 of 2nd period - Wrist shot by Jayson Megna.
16:04 of 2nd period - Stopped by Anton Forsberg with a rebound.
16:14 of 2nd period - Sven Andrighetto is hit by Tim Crowder and loses puck.
16:27 of 2nd period - Jake Dotchin is hit by Carl Klingberg and loses puck.
18:45 of 2nd period - Slapshot by Cristoval Nieves.
18:45 of 2nd period - Stopped by Jake Allen without a rebound.
18:46 of 2nd period - Cedric Paquette wins face-off versus Cristoval Nieves in Rafales zone.
18:55 of 2nd period - Slapshot by Cristoval Nieves.
18:55 of 2nd period - Stopped by Jake Allen with a rebound.
18:57 of 2nd period - Wrist shot by Cristoval Nieves.
18:57 of 2nd period - Stopped by Jake Allen with a rebound.
19:11 of 2nd period - Nick Shore is hit by Carl Klingberg and loses puck.
19:32 of 2nd period - Backhand shot by Reid McNeill.
19:32 of 2nd period - Stopped by Jake Allen with a rebound.
19:34 of 2nd period - Slapshot by Jake Dotchin.
19:34 of 2nd period - Stopped by Jake Allen without a rebound.
19:35 of 2nd period - Jayson Megna wins face-off versus Tyler Brenner in Rafales zone.
19:41 of 2nd period - Snap shot by Tim Crowder.
19:41 of 2nd period - Shot Misses the Net.
19:43 of 2nd period - Wrist shot by Maksim Mayorov.
19:43 of 2nd period - Stopped by Anton Forsberg without a rebound.
19:44 of 2nd period - Kevin Veilleux wins face-off versus Tyler Brenner in Harfangs zone.
19:47 of 2nd period - Snap shot by Andrew Shaw.
19:47 of 2nd period - Goal by Andrew Shaw - Harfangs : 3 - Rafales : 1.
19:48 of 2nd period - Kevin Veilleux wins face-off versus Calle Jarnkrok in neutral zone.
19:53 of 2nd period - Wrist shot by Carl Klingberg.
19:53 of 2nd period - Stopped by Anton Forsberg with a rebound.
Goals for this period are 3 for Harfangs vs 1 for Rafales.
Shots for this period are 17 for Harfangs vs 6 for Rafales.

3rd period


0:01 of 3rd period - Kevin Veilleux wins face-off versus Calle Jarnkrok in neutral zone.
0:12 of 3rd period - Snap shot by Carl Klingberg.
0:12 of 3rd period - Deflect By Andrew Shaw.
0:12 of 3rd period - Shot Misses the Net.
0:12 of 3rd period - Puck is out of play.
0:13 of 3rd period - Calle Jarnkrok wins face-off versus Kevin Veilleux in Harfangs zone.
0:29 of 3rd period - Snap shot by Calle Jarnkrok.
0:29 of 3rd period - Stopped by Jake Allen without a rebound.
0:30 of 3rd period - Tyler Brenner wins face-off versus Cedric Paquette in Rafales zone.
0:59 of 3rd period - Slapshot by Tim Crowder.
0:59 of 3rd period - Deflect By Jayson Megna.
0:59 of 3rd period - Stopped by Anton Forsberg without a rebound.
1:00 of 3rd period - Calle Jarnkrok wins face-off versus Jayson Megna in Harfangs zone.
1:05 of 3rd period - Wrist shot by Ryan Hartman.
1:05 of 3rd period - Deflect By Tim Crowder.
1:05 of 3rd period - Shot Misses the Net.
1:05 of 3rd period - Puck is out of play.
1:06 of 3rd period - Calle Jarnkrok wins face-off versus Kevin Veilleux in Rafales zone.
1:13 of 3rd period - Brenden Kichton is hit by Kevin Veilleux and loses puck.
2:20 of 3rd period - Slapshot by James Marcou.
2:20 of 3rd period - Stopped by Anton Forsberg without a rebound.
2:21 of 3rd period - Calle Jarnkrok wins face-off versus Kevin Veilleux in Harfangs zone.
2:28 of 3rd period - Michael Bournival is hit by Julian Melchiori and loses puck.
2:44 of 3rd period - Icing by Reid McNeill.
2:45 of 3rd period - Cedric Paquette wins face-off versus Calle Jarnkrok in Harfangs zone.
2:52 of 3rd period - Snap shot by Brian Ferlin.
2:52 of 3rd period - Stopped by Anton Forsberg with a rebound.
3:12 of 3rd period - Wrist shot by Carl Klingberg.
3:12 of 3rd period - Stopped by Anton Forsberg with a rebound.
3:41 of 3rd period - Icing by Sven Andrighetto.
3:42 of 3rd period - Kevin Veilleux wins face-off versus Tyler Brenner in Harfangs zone.
3:49 of 3rd period - Wrist shot by Andrew Shaw.
3:49 of 3rd period - Deflect By Carl Klingberg.
3:49 of 3rd period - Stopped by Anton Forsberg with a rebound.
3:56 of 3rd period - Tyler Brenner is hit by Andrew Shaw.
4:02 of 3rd period - Wrist shot by Tyler Brenner.
4:02 of 3rd period - Stopped by Jake Allen without a rebound.
4:03 of 3rd period - Cedric Paquette wins face-off versus Calle Jarnkrok in Rafales zone.
4:16 of 3rd period - Slapshot by Michael Bournival.
4:16 of 3rd period - Stopped by Jake Allen with a rebound.
4:28 of 3rd period - Mark Alt is hit by Carl Klingberg.
4:32 of 3rd period - Mark Alt is hit by Connor Murphy.
4:52 of 3rd period - Snap shot by Cristoval Nieves.
4:52 of 3rd period - Shot Blocked by Tim Crowder.
4:54 of 3rd period - Snap shot by Mark Alt.
4:54 of 3rd period - Stopped by Jake Allen without a rebound.
4:55 of 3rd period - Chris Terry wins face-off versus Cristoval Nieves in Rafales zone.
4:55 of 3rd period - Chris Terry is hit by JC Lipon.
5:11 of 3rd period - Brian Ferlin is hit by Cristoval Nieves and loses puck.
5:30 of 3rd period - Snap shot by Jayson Megna.
5:30 of 3rd period - Goal by Jayson Megna - Harfangs : 3 - Rafales : 2.
5:31 of 3rd period - Kevin Veilleux wins face-off versus Calle Jarnkrok in neutral zone.
5:40 of 3rd period - Ryan Hartman is hit by Andrew Shaw and loses puck.
6:19 of 3rd period - Slapshot by Erik Nystrom.
6:19 of 3rd period - Shot Blocked by Dylan McIlrath.
6:21 of 3rd period - Slapshot by Reid McNeill.
6:21 of 3rd period - Stopped by Jake Allen without a rebound.
6:22 of 3rd period - Jayson Megna wins face-off versus Calle Jarnkrok in Rafales zone.
7:19 of 3rd period - Slapshot by Brian Ferlin.
7:19 of 3rd period - Shot Blocked by Nick Shore.
7:42 of 3rd period - Snap shot by Ryan Bourque.
7:42 of 3rd period - Stopped by Anton Forsberg without a rebound.
7:43 of 3rd period - Ryan Bourque wins face-off versus Calle Jarnkrok in Harfangs zone.
7:54 of 3rd period - Snap shot by Ben Thomson.
7:54 of 3rd period - Stopped by Anton Forsberg without a rebound.
7:55 of 3rd period - Calle Jarnkrok wins face-off versus Kevin Veilleux in Harfangs zone.
7:57 of 3rd period - Minor Penalty to Calle Jarnkrok for Tripping.
7:58 of 3rd period - Kevin Veilleux wins face-off versus Michael Bournival in Harfangs zone.
9:24 of 3rd period - Mark Alt is hit by Kevin Veilleux.
9:57 of 3rd period - Penalty to Calle Jarnkrok is over, Calle Jarnkrok is back on ice.
10:33 of 3rd period - Bruno Gervais is hit by Rinat Valiev and loses puck.
10:43 of 3rd period - Off-side.
10:44 of 3rd period - Cedric Paquette wins face-off versus Brandon McMillan in neutral zone.
10:47 of 3rd period - Tyler Brenner is hit by Chris Terry and loses puck.
10:54 of 3rd period - Julian Melchiori is hit by Brandon McMillan and loses puck.
10:59 of 3rd period - Slapshot by Brandon McMillan.
10:59 of 3rd period - Shot Misses the Net.
11:11 of 3rd period - Snap shot by Nick Sorensen.
11:11 of 3rd period - Deflect By Tim Crowder.
11:11 of 3rd period - Shot Misses the Net.
11:11 of 3rd period - Puck is out of play.
11:12 of 3rd period - Erik Nystrom wins face-off versus Jayson Megna in Rafales zone.
11:17 of 3rd period - Wrist shot by Erik Nystrom.
11:17 of 3rd period - Shot Misses the Net.
11:19 of 3rd period - Wrist shot by Brenden Kichton.
11:19 of 3rd period - Deflect By Maksim Mayorov.
11:19 of 3rd period - Stopped by Jake Allen without a rebound.
11:20 of 3rd period - Calle Jarnkrok wins face-off versus Kevin Veilleux in Rafales zone.
11:35 of 3rd period - Wrist shot by Ryan Hartman.
11:35 of 3rd period - Goal by Ryan Hartman - Harfangs : 4 - Rafales : 2.
11:36 of 3rd period - Kevin Veilleux wins face-off versus Calle Jarnkrok in neutral zone.
11:45 of 3rd period - Wrist shot by Calle Jarnkrok.
11:45 of 3rd period - Stopped by Jake Allen without a rebound.
11:46 of 3rd period - Calle Jarnkrok wins face-off versus Kevin Veilleux in Rafales zone.
11:57 of 3rd period - Snap shot by Connor Murphy.
11:57 of 3rd period - Stopped by Anton Forsberg without a rebound.
11:58 of 3rd period - Calle Jarnkrok wins face-off versus Kevin Veilleux in Harfangs zone.
13:03 of 3rd period - Wrist shot by Calle Jarnkrok.
13:03 of 3rd period - Shot Misses the Net.
13:19 of 3rd period - Ryan Hartman is hit by Joey Laleggia and loses puck.
13:26 of 3rd period - Slapshot by Maksim Mayorov.
13:26 of 3rd period - Shot Misses the Net.
13:28 of 3rd period - Slapshot by Joey Laleggia.
13:28 of 3rd period - Stopped by Anton Forsberg with a rebound.
14:23 of 3rd period - Slapshot by Tim Crowder.
14:23 of 3rd period - Shot Misses the Net.
14:25 of 3rd period - Snap shot by Jayson Megna.
14:25 of 3rd period - Rafales goal is going for a video replay.
14:25 of 3rd period - The goal is refused. The net was displaced accidentally..
14:26 of 3rd period - Kevin Veilleux wins face-off versus Tyler Brenner in Harfangs zone.
15:24 of 3rd period - Snap shot by Carl Klingberg.
15:24 of 3rd period - Stopped by Anton Forsberg with a rebound.
15:27 of 3rd period - Icing by Devon Teows.
15:28 of 3rd period - Cristoval Nieves wins face-off versus Cedric Paquette in Harfangs zone.
15:28 of 3rd period - Cristoval Nieves is hit by Brian Ferlin.
15:34 of 3rd period - Slapshot by Rinat Valiev.
15:34 of 3rd period - Stopped by Jake Allen with a rebound.
16:18 of 3rd period - Slapshot by Nick Shore.
16:18 of 3rd period - Stopped by Jake Allen with a rebound.
16:20 of 3rd period - Snap shot by Erik Nystrom.
16:20 of 3rd period - Deflect By Nick Sorensen.
16:20 of 3rd period - Shot Blocked by Brian Ferlin.
16:20 of 3rd period - Puck is out of play.
16:21 of 3rd period - Cedric Paquette wins face-off versus Tyler Brenner in Rafales zone.
16:21 of 3rd period - Cedric Paquette is hit by Brandon McMillan.
16:48 of 3rd period - Brenden Kichton is hit by Dylan McIlrath and loses puck.
17:08 of 3rd period - Carl Klingberg is hit by Brenden Kichton and loses puck.
17:23 of 3rd period - Cedric Paquette is hit by Sven Andrighetto and loses puck.
18:30 of 3rd period - Snap shot by Maksim Mayorov.
18:30 of 3rd period - Shot Misses the Net.
18:44 of 3rd period - Wrist shot by Carl Klingberg.
18:44 of 3rd period - Shot Misses the Net.
18:46 of 3rd period - Snap shot by Julian Melchiori.
18:46 of 3rd period - Stopped by Anton Forsberg with a rebound.
18:53 of 3rd period - Icing by Ryan Hartman.
18:54 of 3rd period - Cedric Paquette wins face-off versus Calle Jarnkrok in Harfangs zone.
18:55 of 3rd period - Snap shot by Brian Ferlin.
18:55 of 3rd period - Shot Misses the Net.
19:39 of 3rd period - Off-side.
19:40 of 3rd period - Akim Aliu wins face-off versus Calle Jarnkrok in neutral zone.
19:48 of 3rd period - Slapshot by Bruno Gervais.
19:48 of 3rd period - Stopped by Anton Forsberg without a rebound.
19:49 of 3rd period - Cedric Paquette wins face-off versus Michael Bournival in Harfangs zone.
Goals for this period are 1 for Harfangs vs 1 for Rafales.
Shots for this period are 10 for Harfangs vs 14 for Rafales.